 Dungeon Crawl Stone Soup version 0.17-a0-2055-gb4e23be (webtiles) character file.

1727 Ijustatesigmund the Sneak (level 9, -2/79 HPs)
             Began as an Octopode Transmuter on Oct 11, 2015.
             Slain by Noname's ghost (5 damage)
             ... on level 8 of the Dungeon.
             The game lasted 01:00:05 (9226 turns).

Ijustatesigmund the Sneak (Octopode Transmuter)     Turns: 9226, Time: 01:00:05

Health: -2/79      AC:  1    Str: 14    XL:     9   Next: 5%
Magic:  18/22      EV: 17    Int: 28    God:
Gold:   465        SH:  0    Dex: 12    Spells: 4 memorised, 2 levels left

rFire  . . .     SeeInvis .       - Unarmed
rCold  . . .     Clarity  .     (shield currently unavailable)
rNeg   . . .     SustAt   +     (helmet restricted)
rPois  .         Gourm    .     (no amulet)
rElec  .         Spirit   .     e - +4 ring of evasion
rCorr  .         Warding  .     g - +3 ring of intelligence
rMut   .         Stasis   .     l - +1 ring of evasion
MR     .....                    E - ring of sustain attributes
Stlth  ..........               F - ring of magical power
                                A - +6 ring of intelligence
                                (no ring)
                                (no ring)

@: berserking, blade tentacles, very quick, not resistant to hostile
enchantments, extremely unstealthy
A: almost no armour, amphibious, 8 rings, constrict 8, camouflage 1, gelatinous
body 1
a: End Transformation


You were on level 8 of the Dungeon.
You were not hungry.
You had blades for tentacles.
You visited 2 branches of the dungeon, and saw 9 of its levels.
You also visited: Ossuary.

You collected 465 gold pieces.

Inventory:

Hand Weapons
 h - a +1 short sword of venom (melded)
 m - a +0 dagger of speed
 t - a +0 hunting sling
Missiles
 n - 4 sling bullets
 q - 16 arrows
 u - 270 stones (quivered)
 C - 3 tomahawks
Armour
 D - a +0 shield
Jewellery
 e - a +4 ring of evasion (left scythe-like blade)
 g - a +3 ring of intelligence (right scythe-like blade)
 l - a +1 ring of evasion (on tentacle)
 A - a +6 ring of intelligence (on tentacle)
 E - a ring of sustain attributes (on tentacle)
 F - a ring of magical power (on tentacle)
 H - an uncursed ring of ice
Wands
 a - a wand of polymorph (2)
Scrolls
 i - a scroll of identify
 r - a scroll of immolation
 x - a scroll of magic mapping
 y - a scroll of amnesia
Potions
 d - a potion of flight
 f - 2 potions of brilliance
 j - a potion of cancellation {unknown}
 k - a potion of beneficial mutation {unknown}
 o - a potion of mutation {unknown}
 s - a potion of agility {unknown}
 v - 2 potions of berserk rage
 z - a potion of might {unknown}
 B - a potion of invisibility {unknown}
 I - 2 potions of lignification {unknown}
Books
 b - a book of Changes

   Spells                             Type                      Level
   a - Beastly Appendage              Transmutation                1
   b - Sticks to Snakes               Transmutation                2
   c - Spider Form                    Transmutation/Poison         3
   d - Ice Form                       Ice/Transmutation            4
   e - Blade Hands                    Transmutation                5
Comestibles
 c - 3 bread rations
 w - 3 meat rations


   Skills:
 - Level 1.0 Fighting
 - Level 3.4 Short Blades
 - Level 4.0 Slings
 - Level 2.0 Dodging
 - Level 7.6 Stealth
 - Level 3.0 Unarmed Combat
 + Level 2.8 Spellcasting
 + Level 6.6 Transmutations
 - Level 4.8 Poison Magic


You had 2 spell levels left.
You knew the following spells:

 Your Spells              Type           Power        Failure   Level  Hunger
a - Beastly Appendage     Trmt           #####.       14%         1    None
b - Sticks to Snakes      Trmt           #####.....   14%         2    ##.....
c - Spider Form           Trmt/Pois      #####.....   24%         3    ###....
d - Blade Hands           Trmt           #####.....   58%         5    ######.


Dungeon Overview and Level Annotations

Branches:
Dungeon (8/15)             Temple (1/1) D:7
   Lair: D:8-11

Altars:
Ashenzari
Dithmenos
Elyvilon
Fedhas
Gozag
Kikubaaqudgha
Makhleb
Nemelex Xobeh
Okawaru
Qazlal
Ru
Sif Muna
Trog
Vehumet
Xom
Zin
The Shining One

Shops:
D:4 [

Annotations:
D:5 Eustachio
D:6 Grinder
D:8 Noname's ghost, novice MiGl


Innate Abilities, Weirdness & Mutations

You cannot wear most types of armour.
You are amphibious.
You can wear up to eight rings at the same time.
You can use your tentacles to constrict eight enemies at once.
Your skin changes colour to match your surroundings (Stealth).
Your rubbery body absorbs attacks (AC +1).


Message History

Noname's ghost is lightly damaged.
Noname's ghost whispers, "Trust me.
Just give in."
Noname's ghost completely misses you.
You hit Noname's ghost.
Noname's ghost is lightly damaged.
Noname's ghost hits you!
* * * LOW HITPOINT WARNING * * *
Read which item? (? for menu, Esc to quit)
Okay, then.
Drink which item? (? for menu, Esc to quit)
It was a potion of berserk rage.
A red film seems to cover your vision as you go berserk!
You feel yourself moving faster!
You feel mighty! Noname's ghost hits you!!
* * * LOW HITPOINT WARNING * * *
You slash Noname's ghost!
Noname's ghost is moderately damaged.
You hit Noname's ghost but do no damage.
Noname's ghost is moderately damaged.
Noname's ghost hits you.
You die...

#.# *_* *,,,*#......,,* *,*
#.# #+# *****#.......,* *,*
#.# #.# #........* *,*
#.###.###### #........# *,*
#..........####!....,,,* *,*
#...................,,,****,*
#.W.........5.......,,,,,,,,*
#........###W###.##*+***,,*,*
#.........##@#*,,,**,**,,,,,*
##.........###,,,,,***,,*****
#########..#,,,,,,,*,,**
*#..***+***,,** **,,**,**,,**
**,,***,,** **,,*,,** **,,,**
**,**


You could see Noname's ghost and a shadow imp.

Vanquished Creatures
  Edmund (D:6)
  2 orc warriors
  Duvessa (D:6)
  A sky beast (D:6)
  A wasp (D:6)
  An ogre (D:6)
  A water moccasin zombie (D:7)
  Dowan (D:6)
  A scorpion (D:8)
  A crimson imp (D:5)
  2 bog bodies (Ossuary)
  A giant frog zombie (D:5)
  A hound (D:4)
  A jelly (D:7)
  3 orc priests
  A giant frog skeleton (D:6)
  4 orc wizards
  A gnoll shaman (D:6)
  3 worker ants
  A mummy (D:8)
  2 gnolls (D:6)
  7 adders
  2 worms
  10 giant geckos
  17 orcs
  8 bats
  A bat zombie (D:6)
  3 giant cockroaches
  8 hobgoblins
  2 jackals (D:7)
  7 kobolds
  A quokka (D:3)
  2 ball pythons
  A giant gecko zombie (D:6)
  15 giant newts
  16 goblins
  10 rats
  3 rat zombies (D:6)
  A fungus (D:3)
145 creatures vanquished.

Vanquished Creatures (collateral kills)
  Sigmund (D:6)
  A centaur skeleton (D:4)
  An orc wizard (D:6)
  Crazy Yiuf (D:6)
  An orc priest (D:6)
  Robin (D:2)
  2 gnolls (D:6)
  2 adders (D:2)
  2 orcs (D:6)
  2 goblins (D:2)
14 creatures vanquished.

Vanquished Creatures (others)
  3 plants (Ossuary)
3 creatures vanquished.

Grand Total: 162 creatures vanquished

Notes
Turn   | Place    | Note
--------------------------------------------------------------
     0 | D:1      | Ijustatesigmund the Octopode Transmuter began the quest for the Orb.
     0 | D:1      | Reached XP level 1. HP: 13/13 MP: 3/3
    34 | D:1      | Reached skill level 1 in Stealth
   146 | D:1      | Reached XP level 2. HP: 18/18 MP: 5/5
   150 | D:1      | Learned a level 2 spell: Sticks to Snakes
  1005 | D:2      | Reached skill level 1 in Short Blades
  1028 | D:2      | Reached XP level 3. HP: 23/23 MP: 6/6
  1033 | D:2      | Learned a level 3 spell: Spider Form
  1458 | D:2      | Noticed Robin
  1695 | D:2      | Reached XP level 4. HP: 15/28 MP: 7/7
  2250 | D:2      | Killed Robin
  3028 | D:3      | Reached skill level 1 in Poison Magic
  3455 | D:4      | Reached XP level 5. HP: 33/33 MP: 3/8
  3856 | D:4      | Found Teenepto's Antique Armour Boutique.
  3977 | D:4      | Reached skill level 1 in Slings
  4005 | D:4      | Reached XP level 6. HP: 25/38 MP: 9/9
  4011 | D:4      | Found a stormy altar of Qazlal.
  4192 | D:4      | Found a white marble altar of Elyvilon.
  4209 | D:4      | Reached skill level 4 in Stealth
  4347 | D:4      | Found a bloodstained altar of Trog.
  4424 | D:5      | Entered Level 5 of the Dungeon
  4584 | D:5      | Noticed Eustachio
  4769 | D:6      | Noticed Sigmund
  4791 | D:6      | Killed Sigmund
  4812 | D:6      | Found a burning altar of Makhleb.
  4840 | D:6      | Reached XP level 7. HP: 33/43 MP: 10/10
  4846 | D:6      | Learned a level 4 spell: Ice Form
  5229 | D:6      | Reached skill level 5 in Stealth
  5229 | D:6      | Reached skill level 5 in Transmutations
  5491 | D:6      | Noticed Duvessa
  5492 | D:6      | Noticed Dowan
  5499 | D:6      | Killed Dowan
  5523 | D:6      | Killed Duvessa
  5605 | D:6      | Reached XP level 8. HP: 48/48 MP: 11/11
  6015 | D:6      | Noticed Edmund
  6015 | D:6      | Noticed Grinder
  6208 | D:7      | Found a bloodstained altar of Trog.
  6249 | D:7      | Found a staircase to the Ecumenical Temple.
  6255 | Temple   | Entered the Ecumenical Temple
  6542 | D:5      | Reached skill level 6 in Stealth
  7199 | D:6      | Killed Edmund
  7396 | D:6      | Noticed Crazy Yiuf
  7415 | D:6      | Killed Crazy Yiuf
  7527 | D:6      | Found a blossoming altar of Fedhas.
  7614 | D:6      | Found an iron altar of Okawaru.
  7764 | D:6      | Reached skill level 7 in Stealth
  7953 | D:6      | Found an ancient bone altar of Kikubaaqudgha.
  8833 | D:7      | Learned a level 5 spell: Blade Hands
  8877 | D:7      | Found an opulent altar of Gozag.
  9022 | D:8      | Noticed Noname's ghost (novice MiGl)
  9033 | D:8      | Found a shattered altar of Ashenzari.
  9065 | D:8      | Found a sand-covered staircase.
  9067 | D:8      | Reached XP level 9. HP: 53/53 MP: 12/12
  9070 | Ossuary  | Entered an ossuary
  9224 | D:8      | HP: 3/79 [Noname's ghost (19)]
  9226 | D:8      | Slain by Noname's ghost

Vault maps used:
D:1:      minmay_arrival_plants_in_alcoves
D:2:      minmay_lizard_king, uniq_robin
D:3:      roderic_roman_lattice, nrook_mini_backslash, hex_large,
          minmay_gold_behind_fungi
D:4:      nicolae_qazlal_general_emergency, overflow_temple_1_default,
          serial_shops, kennysheep_little_box, bloody_trog
D:5:      cheibriados_altar_1, first_bread, st_stairs_11,
          hangedman_decor_points, uniq_eustachio
D:6:      lightli_temple_of_fire, lemuel_zombie_altar_kikubaaqudgha,
          lemuel_doored_altar, okawaru_altar_gauntlet_db, uniq_edmund,
          uniq_sigmund, uniq_grinder, uniq_duvessa, uniq_crazy_yiuf_cottage
D:7:      lemuel_crystal_altar, nicolae_gozag_seed_capital, temple_green
D:8:      overflow_temple_1_default, kennysheep_mini, serial_shops,
          nicolae_shop_behind_doors, nicolae_ossuary_entry_giza,
          grunt_ogre_cave, serial_bayou_lagoon_b
Temple:   grunt_temple_mini_profane_8
Ossuary:  ossuary_zaba_flooded

Action                   |  1- 3 |  4- 6 |  7- 9 || total
-------------------------+-------+-------+-------++-------
Melee: Unarmed           |    12 |       |    26 ||    38
       Dagger            |    12 |    92 |    20 ||   124
       Short sword       |    54 |    16 |   131 ||   201
       Hunting sling     |       |       |     3 ||     3
 Fire: Hunting sling     |       |    44 |   116 ||   160
Throw: Stone             |       |     1 |     1 ||     2
 Cast: Beastly Appendage |     4 |     3 |     1 ||     8
       Sticks to Snakes  |       |    14 |    31 ||    45
       Spider Form       |       |       |     1 ||     1
       Blade Hands       |       |       |     2 ||     2
  Use: Scroll            |     9 |     5 |     5 ||    19
       Potion            |       |     2 |     8 ||    10
 Stab: Sleeping          |    15 |    15 |     9 ||    39
       Distracted        |     1 |       |     4 ||     5
       Confused          |       |       |     2 ||     2
  Eat: Chunk             |     2 |    11 |     7 ||    20
       Royal jelly       |       |       |     1 ||     1
       Beef jerky        |       |       |     3 ||     3
       Bread ration      |       |       |     1 ||     1
